 Dungeon Crawl Stone Soup version 0.30-a0-883-g5ad918d77d (webtiles) character file.

Game seed: 7002807884597941535

108 juan097 the Sneak (level 4, -1/29 HPs)
             Began as an Octopode Brigand on Mar 16, 2023.
             Killed by divine providence
             ... invoked by an orc priest
              (12 damage)
             ... on level 4 of the Dungeon.
             The game lasted 00:04:06 (2452 turns).

juan097 the Sneak (Octopode Brigand)                Turns: 2452, Time: 00:04:07

Health: -1/29      AC:  1    Str: 10    XL:     4   Next: 87%
Magic:  4/4        EV: 14    Int: 19    God:
Gold:   272        SH:  0    Dex: 15    Spells: 3/3 levels left

rFire   . . .      SeeInvis .    a - +2 dagger
rCold   . . .      Faith    .    (no shield)
rNeg    . . .      Spirit   .    (helmet restricted)
rPois   .          Reflect  .    (no amulet)
rElec   .          Rampage  .    n - +6 ring of intelligence
rCorr   .                        (no ring)
Will    .....                    (no ring)
Stlth   ++++                     (no ring)
HPRegen 0.24/turn                (no ring)
MPRegen 0.09/turn                (no ring)
                                 (no ring)
                                 (no ring)

@: no status effects
A: almost no armour, amphibious, 8 rings, camouflage 1, gelatinous body 1,
(nimble swimmer 1), tentacles
a: no special abilities


You were on level 4 of the Dungeon.
You visited 1 branch of the dungeon, and saw 4 of its levels.

You collected 272 gold pieces.

Inventory:

Hand Weapons
 a - a +2 dagger (weapon)
 b - a +0 sling
 w - a +2 antimagic short sword
Missiles
 c - 3 curare-tipped darts
 p - 17 poisoned darts (quivered)
Armour
 j - an orb of guile
 r - a +0 kite shield
Jewellery
 n - a +6 ring of intelligence (left tentacle)
Scrolls
 d - 3 scrolls of teleportation {unknown}
 g - a scroll of identify {unknown}
 i - a scroll of enchant weapon {unknown}
 k - 2 scrolls of amnesia {unknown}
 m - 2 scrolls of enchant armour {unknown}
 o - a scroll of blinking {unknown}
 q - a scroll of vulnerability {unknown}
Potions
 e - 3 potions of haste {unknown}
 f - a potion of attraction {unknown}
 h - 2 potions of curing {unknown}
 l - 2 potions of lignification {unknown}


   Skills:
 - Level 2.0 Fighting
 + Level 3.7 Short Blades
 - Level 2.0 Throwing
 + Level 3.2 Dodging
 - Level 5.3 Stealth


You had 3 spell levels left.
You didn't know any spells.
Your spell library was empty.

Dungeon Overview and Level Annotations

Branches:
Dungeon (4/15)
 Temple: D:4-7

Altars:
The Shining One


Innate Abilities, Weirdness & Mutations

You cannot wear most types of armour.
You are amphibious.
You can wear up to eight rings at the same time.
Your skin changes colour to match your surroundings (Stealth+).
Your rubbery body absorbs attacks. (AC +1, EV +1)
((You are camouflaged when in or above water. (Stealth+)))
You have tentacles for arms and can constrict up to eight enemies at once.


Message History

Deactivating autopickup; reactivate with Ctrl-A.
You hit the orc priest. You grab the orc priest.
The orc priest is lightly wounded.
You constrict the orc priest.
You release your grip on the orc priest.
The orc attacks as you move away! The orc hits you with a +0 whip.
The orc attacks as you move away! The orc misses you.
You hit the orc but do no damage. Your grab misses the orc.
The orc barely misses you.
You hit the orc. Your grab misses the orc. Your squeeze misses the orc.
The orc is lightly wounded.
The orc closely misses you.
The orc priest looks satisfied for a moment.
You hit the orc but do no damage. You grab the orc.
You constrict the orc, but do no damage.
The orc hits you with a +0 whip.
You hit the orc.
The orc is heavily wounded.
You constrict the orc. The orc closely misses you.
You hit the orc.
You kill the orc!
You barely miss the orc. You grab the orc. You squeeze the orc.
The orc is lightly wounded.
You constrict the orc, but do no damage.
The orc hits you but does no damage.
The orc priest invokes the aid of Beogh against you.
Beogh smites you!
You hit the orc. You squeeze the orc.
The orc is severely wounded.
You constrict the orc, but do no damage.
The orc closely misses you.
You hit the orc but do no damage.
The orc is severely wounded.
You constrict the orc, but do no damage.
The orc hits you with a +0 club.
The orc wizard gestures wildly while chanting.
The orc wizard flickers and vanishes!
The orc priest calls down the wrath of Beogh upon you.
Beogh smites you!
You die...

# .## # ## ######.... .#
... #.....o. ####.## #
##..###.#..# ##.....#..
##.......o# ##.........
#..#...########..<..>....
#..o{o@...##..........
#########.............
###...........
##.......... ##.........
##.....#.. #########


You could see an orc priest and an orc.

Vanquished Creatures
  A hound (D:3)
  A gnoll (D:3)
  An adder (D:3)
  A dart slug (D:3)
  3 orcs
  5 ball pythons
  5 endoplasms
  4 giant cockroaches
  5 goblins
  4 hobgoblins
  11 kobolds
  A quokka (D:1)
  2 bats
  2 frilled lizards
  10 rats
56 creatures vanquished.

Vanquished Creatures (others)
  3 plants (D:2)
3 creatures vanquished.

Grand Total: 59 creatures vanquished

Notes
Turn   | Place    | Note
-------+----------+-------------------------------------------
     0 | D:1      | juan097 the Octopode Brigand began the quest for the Orb.
     0 | D:1      | Reached XP level 1. HP: 14/14 MP: 1/1
   176 | D:1      | Reached XP level 2. HP: 19/19 MP: 2/2
   817 | D:2      | Reached XP level 3. HP: 24/24 MP: 3/3
  1707 | D:3      | Found a glowing golden altar of the Shining One.
  1850 | D:3      | Reached XP level 4. HP: 27/29 MP: 4/4
  2452 | D:4      | Killed from afar by an orc priest

Illustrated notes

Levels and vault maps discovered:
D:1:      nzn_arrival_depleted_hourglass, layout_loops_ring,
          minmay_misc_feat_chi
D:2:      layout_loops_corners, serial_bayou_pond_a
D:3:      minmay_chambers_of_threes, layout_loops_ring,
          lemuel_coloured_pillars_altar
D:4:      layout_rooms, mainiacjoe_overflow_small_starburst, xom_redecorated,
          reono_crystal_passage, minmay_misc_feat_hallway

Skill      XL: |  1  2  3  4 |
---------------+-------------+-----
Dodging        | 2 3 |  3.2
Short Blades   | 3 |  3.7
Fighting       | |  2.0
Throwing       | |  2.0
Stealth        | |  5.3

Action                     |  1- 3 |  4- 6 || total
---------------------------+-------+-------++-------
  Melee: Dagger            |    72 |    32 ||   104
         Constrict         |    20 |     8 ||    28
         Tentacles         |    14 |     8 ||    22
         Punch             |     1 |       ||     1
   Fire: Sling             |     2 |     4 ||     6
   Stab: Sleeping          |    12 |       ||    12
 Armour: Skin              |     1 |     2 ||     3
  Dodge: Dodged            |    36 |    17 ||    53

Table legend: (Time is in decaauts)
 A = Elapsed time spent in this place.
 B = Non-inter-level travel time spent in this place.
 C = Inter-level travel time spent in this place.
 D = Time resting spent in this place.
 E = Time spent auto-exploring this place.
 F = Levels seen in this place.
 G = Mean time per level.
                   A        B        C        D        E       F      G
               +--------+--------+--------+--------+--------+-----+--------+
         Total |   2435 |   2319 |    116 |      0 |   1946 |   4 |  608.8 |
       Dungeon |   2435 |   2319 |    116 |      0 |   1946 |   4 |  608.8 |
               +--------+--------+--------+--------+--------+-----+--------+

Top non-repeatable levels by time:
     D:2: 852 daAuts
     D:3: 817 daAuts
     D:1: 684 daAuts
     D:4: 81 daAuts
